woodfighter, chaotic female elven Rogue ---.--- ---.| |.....| |...| .|.---.---.|.--- ...|.......|...| ---M|----------.| |.@.|*.*^*.`..|.| .I. ------|.........|.| %.. |.....-..[.<...^+.| |.----|.----|.........|.| |...%.|.|...|........[|.| ---.|.|.|.-------------.| |.|.|........ |...| |.|.|.-.---.-----.--- |...|...| |.......| |...---.| ---.----- |...%.... --------- woodfighter the Rogue Experience level: 9 Strength: 17 Dexterity: 14 Constitution: 16 Intelligence: 10 Wisdom: 12 Charisma: 9 Health: 0(75) Energy: 55(55) Def: 11 Gold: 0 Moves: 9310 Dungeon seed: mdBXApyLG0h1RmMb Game ID: woodfighter_1515332270 Your Inventory: Weapons a - a blessed corroded +7 orcish short sword named Sword of Honor (weapon in hand) f - 9 +0 elven daggers (in quiver) Armor h - an uncursed +0 pair of leather gloves (being worn) j - a blessed +0 pair of speed boots (being worn) z - an uncursed +0 shield of reflection (being worn) N - an uncursed rusty +0 orcish helm (being worn) T - an uncursed +0 dwarvish cloak (being worn) Y - an uncursed +0 elven mithril-coat (being worn) Comestibles b - 2 uncursed candy bars l - an uncursed carrot m - an uncursed sprig of wolfsbane o - an uncursed orange A - an uncursed tripe ration B - an uncursed fortune cookie C - an uncursed pancake M - an uncursed pear Rings J - an uncursed ring of free action (on left hand) W - an uncursed ring of fire resistance (on right hand) Wands G - a wand of teleportation (0:7) V - a wand of sleep (0:4) X - a wand of cold (0:7) Tools g - an uncursed blindfold p - an uncursed stethoscope q - a +0 unicorn horn s - an uncursed bag of holding t - an uncursed pair of lenses (being worn) y - an uncursed lock pick Q - an uncursed brass lantern (lit) (0:1075) Contents of the bag of holding: 351 gold pieces a [uncursed] [+0] dwarvish cloak a [uncursed] [+0] dwarvish cloak a [blessed] [+0] dwarvish cloak a [uncursed] [+0] dwarvish cloak a [uncursed] [+0] dwarvish cloak a [cursed] [-1] dwarvish cloak a [uncursed] [+0] dwarvish cloak a [uncursed] [+0] dwarvish cloak a [uncursed] [+1] pair of water walking boots 6 uncursed food rations a [uncursed] tin [of red naga meat] 2 uncursed tripe rations a [uncursed] scroll of create monster a [cursed] scroll of create monster a [uncursed] scroll of enchant armor a [cursed] scroll of enchant armor a [blessed] scroll of enchant weapon a [uncursed] scroll of fire a [uncursed] scroll of gold detection 2 [cursed] scrolls of magic mapping a [uncursed] scroll of punishment a [cursed] scroll of teleportation a [uncursed] scroll of teleportation a [uncursed] spellbook of cure sickness a [uncursed] spellbook of force bolt a [uncursed] spellbook of slow monster a [uncursed] potion of enlightenment a [uncursed] potion of fruit juice a [uncursed] potion of full healing a [uncursed] potion of hallucination a [blessed] potion of oil an uncursed wand of speed monster [0:2] an uncursed oil lamp (0:0) an uncursed [+0] pick-axe a [uncursed] skeleton key 8 [uncursed] tallow candles [0:200] a [blessed] tallow candle [0:200] a [uncursed] [+0] unicorn horn 3 [uncursed] wax candles [0:400] a [uncursed] luckstone Spells and supernatural/magical abilities: Name Level Category Fail Memory W - pray for help -- divine ? -- Your skills at the end: Miscellaneous Skills wands [Basic] Weapon Skills dagger [Basic] short sword [Basic] Spellcasting Skills Final Attributes: You were piously aligned. You were fire resistant. You were cold resistant. You were sleep resistant. You were poison resistant. Your writing hand was a little cramped from use. You were telepathic. You had automatic searching. You had infravision. You were stealthy. You were protected. You were very fast. You had reflection. You had free action. You are dead. Vanquished creatures: a vampire 2 giant mimics a large mimic a stalker 2 quantum mechanics a small mimic an ettin mummy a large dog 2 dwarf kings a tengu an ochre jelly a human mummy a cobra an ettin zombie 3 giant beetles a lynx 2 leprechauns 2 giant spiders 3 gnome kings 2 orc mummies 4 yetis a gold golem a piranha 2 dogs a dingo 2 housecats 2 dwarf lords 2 water nymphs a white unicorn a gray unicorn 2 dust vortices a gnome mummy a snake an ape 2 human zombies a rope golem a fire ant 2 yellow lights a baby crocodile 11 Mordor orcs 28 Uruk-hai 2 rock moles a rock piercer a pony 2 shriekers 13 gnome lords 3 gnomish wizards 2 kobold mummies 2 gray oozes a ghoul 2 jellyfish 3 giant ants a puppy 3 floating eyes 2 kittens 18 dwarves a kobold shaman 8 hill orcs a rothe a rabid rat a centipede 4 jitterbugs 2 giant bats an orc zombie 4 dwarf zombies a wererat a werejackal 11 coyotes 3 gas spores 6 hobbits a large kobold 7 geckos 6 hobgoblins a giant rat 4 cave spiders 3 brown molds 3 yellow molds 2 green molds 4 red molds 49 gnomes 3 manes a gnome zombie 12 jackals 4 foxes a kobold 6 newts 5 goblins 7 sewer rats 14 grid bugs 4 bats 6 lichens 2 kobold zombies 344 creatures vanquished. Voluntary challenges: You did not cause conflict. You were not invisible. You did not have reflection until turn 5345. You were not displaced. You used a wielded weapon 493 times, starting on turn 7. You did not use plumbed fixtures. You did not drink any magical draughts. You read items or engraved 1 time, starting on turn 3964. You never genocided any monsters. You never polymorphed an object. You never changed form. You cheated 1 time but completed Sokoban on turn 6220. You used no wishes. You never split a pudding. You never wrote Elbereth's name. You never violated your personal moral code. Dungeon overview: The Dungeons of Doom: levels 1 to 9 Level 1 (vault) an altar to Issek, a fountain a long staircase Level 2 a general store, some fountains Level 3 a fountain Level 4 a fountain stairs to The Gnomish Mines Level 5 Level 6 a general store Level 7 many fountains Level 8 a fountain stairs to Sokoban Level 9 The Gnomish Mines: levels 5 to 12 Level 5 stairs to The Dungeons of Doom Level 6 Level 7 Level 8 many shops, a temple to Mog, a magic chest, some trees Level 9 Level 10 Level 11 Level 12 <- You were here Sokoban: levels 4 to 7 Level 4 a magic chest Level 5 Level 6 a fountain Level 7 an altar to Mog, a magic chest stairs to The Dungeons of Doom History has recorded: On T:1 you entered the Dungeons of Doom to retrieve the Amulet of Yendor! On T:216 you reached level 2 of The Dungeons of Doom. On T:572 you advanced to experience level 2. On T:619 you advanced to experience level 3. On T:781 you advanced to experience level 4. On T:924 you reached level 3 of The Dungeons of Doom. On T:1233 you reached level 4 of The Dungeons of Doom. On T:1693 you advanced to experience level 5. On T:1702 you reached level 1 of The Gnomish Mines. On T:1745 you reached level 5 of The Dungeons of Doom. On T:1896 you reached level 6 of The Dungeons of Doom. On T:2349 you reached level 7 of The Dungeons of Doom. On T:2612 you advanced to experience level 6. On T:3493 you reached level 8 of The Dungeons of Doom. On T:3619 you advanced to experience level 7. On T:3877 you reached level 9 of The Dungeons of Doom. On T:3924 you reached level 4 of Sokoban. On T:3961 you opened a magic chest. On T:4225 you reached level 3 of Sokoban. On T:4700 you reached level 2 of Sokoban. On T:5479 you reached level 1 of Sokoban. On T:6220 you entered the Sokoban zoo. On T:6222 you advanced to experience level 8. On T:6855 you reached level 2 of The Gnomish Mines. On T:7128 you reached level 3 of The Gnomish Mines. On T:7489 you reached level 4 of The Gnomish Mines. On T:7580 you reached level 5 of The Gnomish Mines. On T:7891 you advanced to experience level 9. On T:7911 you entered the Minetown temple On T:8399 you reached level 6 of The Gnomish Mines. On T:8545 you reached level 7 of The Gnomish Mines. On T:8841 you reached level 8 of The Gnomish Mines. On T:8841 you reached the bottom of the Mines. Score breakdown: Gold: 351 ( 35 points) Experience: 9 levels ( 800 points) Exploration: 12 levels ( 330 points) Discoveries: 45 items ( 2000 points) Variety of kills: 92 monsters ( 2000 points) Major goal: Sokoban/Mines ( 1500 points) Survival: died (score multiplied by 3) Total score: 19995 Latest messages: The yeti bites! You stab the yeti! The yeti claws you! The yeti misses. The yeti bites! You kill the yeti! You see here a yeti corpse. Kitty eats a yeti corpse. Something claws you! You kill it! You attack thin air. You see here a stalker corpse. You put a tin into the bag called holding. You put an uncursed tripe ration into the bag called holding. You put a key into the bag called holding. You put a stone called luck? into the bag called holding. Your movements are now unencumbered. Your lamp is now on. A giant mummy blocks your way. You stab the giant mummy! The giant mummy scratches you! (2x) You die... Final status: Goodbye woodfighter the Rogue, killed by a giant mummy... You died in The Gnomish Mines on dungeon level 12 with 19995 points, and 351 pieces of gold, after 9310 moves. You were level 9 with a maximum of 75 hit points when you died.